 Dungeon Crawl Stone Soup version 0.28-a0-863-g8cecda6153 (webtiles) character file.

Game seed: 17422084512658514726

1 ytrimaz the Skirmisher (level 1, 2/18 HPs)
             Began as a Demonspawn Abyssal Knight on Nov 17, 2021.
             Was an Initiate of Lugonu.
             Quit the game on level 1 of the Dungeon.
             The game lasted 00:00:38 (66 turns).

ytrimaz the Skirmisher (Demonspawn Abyssal Knight)    Turns: 66, Time: 00:00:38

Health: 2/18       AC:  3    Str: 13    XL:     1   Next: 16%
Magic:  2/2        EV: 11    Int: 11    God:    Lugonu [......]
Gold:   0          SH:  0    Dex: 13    Spells: 0/0 levels left

rFire   . . .      SeeInvis .   a - +1 falchion
rCold   . . .      Faith    .   (no shield)
rNeg    . . .      Spirit   .   b - +0 leather armour
rPois   .          Reflect  .   (no helmet)
rElec   .          Harm     .   (no cloak)
rCorr   .          Rampage  .   (no gloves)
Will    .....                   (no boots)
Stlth   +.........              (no amulet)
HPRegen 0.06/turn               (no ring)
MPRegen 0.08/turn               (no ring)

@: no status effects
A: no striking features
a: Renounce Religion


You were on level 1 of the Dungeon.
You worshipped Lugonu.
Lugonu was noncommittal.
You visited 1 branch of the dungeon, and saw 1 of its levels.
You visited the Abyss 1 time.

Inventory:

Hand Weapons
 a - a +1 falchion (weapon)
Armour
 b - a +0 leather armour (worn)


   Skills:
 + Level 3.0 Fighting
 * Level 1.8 Long Blades
 + Level 1.7 Armour
 - Level 0.8 Dodging
 + Level 2.4 Invocations


You couldn't memorise any spells.
You didn't know any spells.
Your spell library was empty.

Dungeon Overview and Level Annotations

Branches:
Dungeon (1/15)

Altars:


Message History

Unknown command.
The small abomination barely misses you.
You see here a scroll labelled BAUTZO BUYHIOBLISS.
c - a scroll labelled BAUTZO BUYHIOBLISS The small abomination hits you but does no damage.
Press: ? - help, v - describe, . - travel
Here: a small abomination The floor.
Found a scroll labelled OSEVIZ ZEJYTE.
Found 18 gold pieces.
You see here a scroll labelled OSEVIZ ZEJYTE.
d - a scroll labelled OSEVIZ ZEJYTE A raiju comes into view.
The raiju bursts into living lightning!
The living lightning hits you!
Ouch! That really hurt!
* * * LOW HITPOINT WARNING * * *
The raiju blinks!
Unknown command.
You pass through the gate.
You can no longer depart the Abyss at will.
Found 18 stones and a shiny ring mail.
There is a staircase leading out of the dungeon here.
As you read the scroll labelled BAUTZO BUYHIOBLISS, it crumbles to dust.
You assume a fearsome visage.
Nothing appears to happen.
It was a scroll of fear.
Unknown command.
As you read the scroll labelled OSEVIZ ZEJYTE, it crumbles to dust.
It is a scroll of identify.
You don't have any unidentified items.
You see here a +1 ring mail of cold resistance.
An endoplasm comes into view.
The endoplasm freezes you.
You are frozen.
* * * LOW HITPOINT WARNING * * *
You slash the endoplasm!
You kill the endoplasm!
Lugonu accepts your kill.
Unknown command.
Are you sure you want to abandon this character and quit the game? (Confirm with "yes".)

#################
#.....................#
#...8...8.............#
#..........#########..#
#.⌠......⌠.#≈≈≈≈≈≈≈#...
#....(<....#≈≈≈≈≈≈≈#...
#.⌠......⌠.#≈≈≈S≈≈≈#...
#.......[..#########..#
#...8...8......@......#
#.....................#
#######################


You could see an electric eel.

Vanquished Creatures
  An endoplasm (D:1)
1 creature vanquished.

Notes
Turn   | Place    | Note
-------+----------+-------------------------------------------
     0 | Abyss:1  | ytrimaz the Demonspawn Abyssal Knight began the quest for
                  | the Orb.
     0 | Abyss:1  | Reached XP level 1. HP: 18/18 MP: 2/2
    33 | Abyss:1  | Noticed a small abomination
    50 | Abyss:1  | Noticed a raiju
    53 | D:1      | Escaped the Abyss
    57 | D:1      | Noticed an electric eel
    66 | D:1      | Quit the game

Illustrated notes

Levels and vault maps discovered:
D:1:      arrival_aquarium_a, layout_rooms, ebering_ecumenical_altar_abandoned,
          minmay_tetromino_o4

Action                   || total
-------------------------++-------
Melee: Falchion          ||     1
Invok: Depart the Abyss  ||     1
  Use: Scroll            ||     2
Armor: Leather armour    ||     1
Dodge: Dodged            ||     1

Table legend: (Time is in decaauts)
 A = Elapsed time spent in this place.
 B = Non-inter-level travel time spent in this place.
 C = Inter-level travel time spent in this place.
 D = Time resting spent in this place.
 E = Time spent auto-exploring this place.
 F = Levels seen in this place.
 G = Mean time per level.
                   A        B        C        D        E       F      G
               +--------+--------+--------+--------+--------+-----+--------+
         Total |     65 |     65 |      0 |      0 |     33 |   2 |   32.5 |
       Dungeon |     12 |     12 |      0 |      0 |      0 |   1 |   12.0 |
         Abyss |     53 |     53 |      0 |      0 |     33 |   1 |   53.0 |
               +--------+--------+--------+--------+--------+-----+--------+

Top non-repeatable levels by time:
 Abyss:1: 53 daAuts
     D:1: 12 daAuts
